 Dungeon Crawl Stone Soup version 0.23.1 (webtiles) character file.

Game seed: 1576740986534108993

11676 Gargoyl the Cleaver (level 11, 0/92 HPs)
             Began as a Centaur Abyssal Knight on Mar 11, 2019.
             Was an Elder of Lugonu.
             Slain by a spiny frog (7 damage)
             ... on level 3 of the Lair of Beasts.
             The game lasted 00:25:54 (11703 turns).

Gargoyl the Cleaver (Centaur Abyssal Knight)       Turns: 11703, Time: 00:25:55

Health: 0/92       AC: 18    Str: 17    XL:     11   Next: 52%
Magic:  17/17      EV:  9    Int: 13    God:    Lugonu [****..]
Gold:   603        SH:  0    Dex: 10    Spells: 10/10 levels left

rFire    . . .     SeeInvis .   e - +1 war axe
rCold    . . .     Gourm    .   (no shield)
rNeg     . . .     Faith    .   f - +6 scale mail "Luam" {+Blink rElec Regen+ Int+6}
rPois    +         Spirit   .   (helmet restricted)
rElec    +         Reflect  .   (no cloak)
rCorr    .         Harm     .   d - +1 pair of gloves
MR       .....                  (no barding)
Stlth    ..........             (no amulet)
HPRegen  0.65/turn              h - ring of poison resistance
MPRegen  0.15/turn              q - +2 ring of protection

@: very quick
A: large, hooves 3, horns 1, blurry vision 1, deformed body, dopey 2, speed 2,
tough skin 3
a: Depart the Abyss, Bend Space, Banish, Corrupt, Renounce Religion, Evoke Blink


You were on level 3 of the Lair of Beasts.
You worshipped Lugonu.
Lugonu was greatly pleased with you.
You were hungry.

You visited 2 branches of the dungeon, and saw 11 of its levels.
You visited the Abyss 2 times.

You collected 603 gold pieces.

Inventory:

Hand Weapons
 a - a +1 hand axe
 e - a +1 war axe (weapon)
Missiles
 k - 2 tomahawks (quivered)
Armour
 b - a +2 helmet
 d - a +1 pair of gloves (worn)
 f - the +6 scale mail "Luam" (worn) {+Blink rElec Regen+ Int+6}
   (You acquired it on level 2 of the Abyss)

   It affects your intelligence (+6).
   It insulates you from electricity.
   It lets you blink.
   It increases your rate of regeneration.
Jewellery
 h - a ring of poison resistance (left hand)
 i - an uncursed ring of see invisible
 q - a +2 ring of protection (right hand)
 t - an uncursed ring of protection from fire
Wands
 r - a wand of flame (30)
 u - a wand of random effects (25)
 y - a wand of enslavement (11)
 B - a wand of disintegration (1)
Scrolls
 l - 2 scrolls of identify
 m - a scroll of fog {unknown}
 n - a scroll of magic mapping
 s - 3 scrolls of teleportation
Potions
 g - 3 potions of heal wounds
 j - 2 potions of cancellation
 p - a potion of agility
 v - a potion of magic
Comestibles
 c - 23 rations
 o - 8 chunks of flesh


   Skills:
 + Level 7.0 Fighting
 + Level 9.1 Axes
 * Level 7.9 Armour
 * Level 5.5 Dodging
 * Level 8.4 Invocations
 + Level 0.7 Evocations


You had 10 spell levels left.
You didn't know any spells.
Your spell library contained the following spells:

 Spells                   Type           Power        Failure   Level  Hunger
 Animate Skeleton         Necr           N/A          65%         1    ##.....
 Apportation              Tloc           #.....       65%         1    ##.....
 Confusing Touch          Hex            #.....       65%         1    ##.....
 Freeze                   Ice            #...         65%         1    ##.....
 Summon Small Mammal      Summ           #...         65%         1    ##.....
 Throw Frost              Conj/Ice       #.....       80%         2    ###....
 Ozocubu's Armour         Chrm/Ice       #.......     95%         3    ####...
 Summon Ice Beast         Ice/Summ       #.......     100%        4    #####..
 Throw Icicle             Conj/Ice       #.......     100%        4    #####..


Dungeon Overview and Level Annotations

Branches:
Dungeon (8/15)             Temple (0/1) D:4            Lair (3/6) D:8
  Swamp (0/4) Lair:2
  Snake: Lair:2-4    Spider: Lair:2-4

Altars:
Ashenzari
Cheibriados
Dithmenos
Gozag
Sif Muna
Wu Jian
Xom
Yredelemnul

Shops:
D:4 *   D:7 ?

Annotations:
Abyss:1 Sonja


Innate Abilities, Weirdness & Mutations

You have hooves in place of feet.
Armour fits poorly on your strangely shaped body.
You cover ground very quickly.
You have extremely tough skin. (AC +3)
You have a pair of small horns on your head.
Scrolls take you a little longer to read.
You are very dopey. (Int -4)


Message History

You headbutt the spiny frog.
The spiny frog is moderately wounded.
The spiny frog stings you!
You slice the spiny frog!! Your kick misses the spiny frog.
The spiny frog is severely wounded.
The spiny frog stings you.
You hit the spiny frog.
The spiny frog is almost dead.
The spiny frog stings you!
* * * LOW HITPOINT WARNING * * *
You closely miss the spiny frog. Your kick misses the spiny frog.
Your headbutt misses the spiny frog.
The spiny frog is almost dead.
The spiny frog closely misses you.
Your scale mail "Luam" prevents you from hitting the spiny frog.
The spiny frog is almost dead.
The spiny frog stings you!
* * * LOW HITPOINT WARNING * * *
The spiny frog stings you!
You die...

.#.......................[#PP.>..
................<...........P....
..#P..#...#...#..###.#...P#P.#.#.
.................................
..####......###....#.#...#....##.
...#.##....##.#..................
#..#...#†÷÷##.##......##.##......
..#............#F................
..#.###....PP.##@.......#.##.....
#....÷....#......................
.....#..#..###...#......PP.......
.).#######...###..#....?.P.......
..## .#...?####.......P......
.P.## .. .##. .......l.....
....#. ... .# ............
........[ ............ .........
.........


You could see a spiny frog.

Vanquished Creatures
  A dancing weapon (D:6)
  A death yak (D:7)
  A black mamba (Lair:1)
  2 spiny frogs
  5 komodo dragons
  The ghost of P0WERM0DE the Chopper, an amateur MiFi (D:7)
  4 yaks
  2 wyverns
  A hungry ghost (D:6)
  3 hogs
  A human (D:6)
  3 water moccasins (Lair:2)
  5 porcupines
  4 orc warriors (D:6)
  3 sky beasts
  An ice beast (D:6)
  2 black bears
  An ogre (D:6)
  8 centaurs
  6 crocodiles
  A big kobold (D:8)
  4 bullfrogs
  5 scorpions
  2 howler monkeys
  A bullfrog zombie (D:8)
  A crimson imp (D:8)
  5 orc priests
  10 orc wizards
  13 iguanas
  A centaur skeleton (D:4)
  A worker ant (D:4)
  A killer bee zombie (D:7)
  A worker ant zombie (D:7)
  3 gnolls
  A howler monkey skeleton (D:7)
  13 adders
  2 oozes
  2 adder zombies
  3 adder skeletons
  4 worms
  4 dart slugs
  6 leopard geckos
  32 orcs
  3 ball pythons
  9 bats
  9 giant cockroaches
  12 goblins
  14 hobgoblins
  7 jackals
  15 kobolds
  5 quokkas
  8 frilled lizards
  A giant cockroach zombie (D:5)
  A leopard gecko skeleton (D:5)
  A quokka zombie (D:5)
  9 rats
  A fungus (Lair:1)
266 creatures vanquished.

Vanquished Creatures (others)
  A hydra (Lair:3)
  A swamp dragon (Lair:2)
  A basilisk (Lair:2)
  2 crimson imps (D:6)
  An orc wizard (D:7)
  A fungus (D:6)
  4 plants
11 creatures vanquished.

Grand Total: 277 creatures vanquished

Notes
Turn   | Place    | Note
-------+----------+-------------------------------------------
     0 | Abyss:1  | Gargoyl the Centaur Abyssal Knight began the quest for the
                  | Orb.
     0 | Abyss:1  | Reached XP level 1. HP: 19/19 MP: 2/2
   111 | Abyss:2  | Noticed a large abomination
   121 | Abyss:2  | Identified a scroll of acquirement
   122 | Abyss:2  | Got a jewelled scale mail
   123 | D:1      | Escaped the Abyss
   134 | D:1      | Identified the +6 scale mail "Luam" {+Blink rElec Regen+
                  | Int+6} (You acquired it on level 2 of the Abyss)
   212 | D:1      | Reached XP level 2. HP: 22/26 MP: 3/3
   263 | D:1      | Reached * piety under Lugonu
   283 | D:1      | Reached skill level 2 in Axes
   337 | D:1      | Reached skill level 1 in Dodging
   478 | D:1      | Reached XP level 3. HP: 31/31 MP: 4/4
   927 | D:2      | Reached XP level 4. HP: 38/38 MP: 5/5
   943 | D:2      | Reached ** piety under Lugonu
  1390 | D:3      | Reached skill level 3 in Axes
  1478 | D:3      | Reached XP level 5. HP: 17/45 MP: 7/7
  1894 | D:3      | Reached *** piety under Lugonu
  2436 | D:4      | Reached XP level 6. HP: 42/52 MP: 8/8
  2471 | D:4      | Found a basalt altar of Yredelemnul.
  2522 | D:4      | Found a staircase to the Ecumenical Temple.
  2541 | D:4      | Found Ikhlao's Incredible Inventory.
  2583 | D:4      | Found a snail-covered altar of Cheibriados.
  2590 | D:4      | Reached skill level 4 in Axes
  2596 | D:4      | Found a shadowy altar of Dithmenos.
  2599 | D:4      | Found an opulent altar of Gozag.
  2887 | D:5      | Entered Level 5 of the Dungeon
  3195 | D:5      | Reached XP level 7. HP: 59/59 MP: 9/9
  3410 | D:5      | Reached **** piety under Lugonu
  3516 | D:5      | Found a deep blue altar of Sif Muna.
  4182 | D:6      | Found a shattered altar of Ashenzari.
  4186 | D:6      | Saw a vision of the Swamp and the Snake Pit.
  4186 | D:6      | Noticed a black mamba
  4186 | D:6      | Noticed an anaconda
  4187 | D:6      | Noticed an alligator
  4187 | D:6      | Noticed a naga mage
  4187 | D:6      | Noticed a black mamba
  4307 | D:6      | Reached skill level 5 in Axes
  4307 | D:6      | Reached XP level 8. HP: 23/67 MP: 11/11
  4677 | D:7      | Found an ornate altar of the Wu Jian Council.
  5177 | D:8      | Reached skill level 5 in Invocations
  5385 | D:8      | Reached skill level 6 in Axes
  5492 | D:6      | Reached skill level 5 in Fighting
  5492 | D:6      | Reached XP level 9. HP: 70/74 MP: 13/13
  5973 | D:6      | Reached skill level 5 in Armour
  6127 | D:7      | Reached ***** piety under Lugonu
  6234 | D:7      | Found Cexe's Magic Scroll Emporium.
  6419 | D:8      | Reached skill level 7 in Axes
  6648 | D:7      | Found a runed translucent door.
  6648 | D:7      | Noticed P0WERM0DE's ghost (amateur MiFi)
  6649 | D:7      | Found a shimmering altar of Xom.
  6649 | D:7      | Noticed a +2 long sword of chaos
  6822 | D:7      | Reached XP level 10. HP: 77/83 MP: 13/15
  6861 | D:7      | Cast into level 2 of the Abyss (+2 long sword of chaos)
  6993 | Abyss:2  | Noticed a wretched star
  6994 | D:7      | Escaped the Abyss
  6995 | D:7      | Paralysed by a +2 long sword of chaos for 2 turns
  7033 | D:6      | Killed a +2 long sword of chaos
  7048 | D:7      | Killed P0WERM0DE's ghost
  7518 | D:8      | Noticed a two-headed ogre
  7522 | D:8      | Banished a two-headed ogre
  7801 | D:8      | Noticed a death yak
  7802 | D:8      | Noticed a death yak
  7822 | D:7      | Killed a death yak
  7822 | D:7      | Reached skill level 8 in Axes
  8066 | D:8      | Found a staircase to the Lair.
  8067 | D:8      | Noticed a death yak
  8112 | Lair:1   | Entered Level 1 of the Lair of Beasts
  8306 | Lair:1   | Noticed a spiny frog
  8316 | Lair:1   | Killed a spiny frog
  8793 | Lair:1   | Noticed a black mamba
  8810 | Lair:1   | Killed a black mamba
  8810 | Lair:1   | Reached skill level 5 in Dodging
  9182 | Lair:2   | Gained mutation: You are dopey. (Int -2) [potion of
                  | mutation]
  9182 | Lair:2   | Gained mutation: Scrolls take you a little longer to read.
                  | [potion of mutation]
  9182 | Lair:2   | Gained mutation: You are very dopey. (Int -4) [potion of
                  | mutation]
  9182 | Lair:2   | Gained mutation: You have a pair of small horns on your
                  | head. [potion of mutation]
  9185 | Lair:2   | Noticed Sonja
  9186 | Lair:2   | Banished Sonja
  9381 | Lair:2   | Found a frozen archway.
  9396 | Lair:2   | Noticed a four-headed hydra
  9569 | Lair:2   | Banished a four-headed hydra
  9569 | Lair:2   | Reached XP level 11. HP: 84/91 MP: 11/16
  9597 | Lair:2   | Found a staircase to the Swamp.
  9710 | Lair:2   | Noticed a swamp dragon
  9712 | Lair:2   | Banished a swamp dragon
 10307 | Lair:3   | Noticed a four-headed hydra
 10314 | Lair:3   | Banished a four-headed hydra
 10492 | Lair:3   | Noticed a six-headed hydra
 11404 | Lair:2   | Reached skill level 9 in Axes
 11703 | Lair:3   | Slain by a spiny frog

Skill      XL: |  1  2  3  4  5  6  7  8  9 10 11 |
---------------+----------------------------------+-----
Axes           | 2 3 4 5 6 7 8 9 |  9.1
Dodging        | 1 2 3 4 5 |  5.5
Armour         | 2 3 4 5 7 |  7.9
Invocations    | 3 4 5 6 7 8 |  8.4
Fighting       | 4 5 6 7 |  7.0
Evocations     | |  0.7

Action                   |  1- 3 |  4- 6 |  7- 9 | 10-12 || total
-------------------------+-------+-------+-------+-------++-------
Melee: Hand axe          |    94 |   276 |   468 |       ||   838
       Kick              |    19 |    45 |   122 |    89 ||   275
       War axe           |       |       |    98 |   320 ||   418
       Headbutt          |       |       |       |    43 ||    43
Invok: Depart the Abyss  |     1 |       |       |     1 ||     2
       Banish            |       |       |     3 |     7 ||    10
       Bend Space        |       |       |     2 |     3 ||     5
Evoke: Wand              |       |       |     8 |     6 ||    14
  Use: Scroll            |     4 |     6 |     7 |    10 ||    27
       Potion            |       |     1 |     9 |     6 ||    16
  Eat: Chunk             |       |     5 |    16 |     8 ||    29
       Ration            |       |       |     1 |     2 ||     3
Armor: Scale mail        |   102 |   195 |   437 |   219 ||   953
       Skin              |       |       |     3 |       ||     3
Dodge: Dodged            |    48 |   120 |   331 |   167 ||   666
